 Dungeon Crawl Stone Soup version 0.20.1-1-g8b1a95d (webtiles) character file.

1223 Peloso the Slasher (level 8, 0/72 HPs)
             Began as a Deep Dwarf Fighter on Aug 6, 2017.
             Was a Believer of Okawaru.
             Slain by a troll (12 damage)
             ... on level 6 of the Dungeon.
             The game lasted 00:11:09 (3937 turns).

Peloso the Slasher (Deep Dwarf Fighter)             Turns: 3937, Time: 00:11:10

Health: 0/72       AC: 11    Str: 22    XL:     8   Next: 23%
Magic:  5/6        EV:  8    Int:  9    God:    Okawaru [**....]
Gold:   261        SH: 10    Dex: 12    Spells: 7/7 levels left

rFire    x . .     SeeInvis +   a - +1 long sword
rCold    + + .     Gourm    .   c - +0 shield
rNeg     . . .     Faith    .   A - +0 ice dragon scales
rPois    .         Spirit   .   (no helmet)
rElec    .         Reflect  .   (no cloak)
rCorr    .         Harm     .   (no gloves)
MR       ++...                  (no boots)
Stlth    ..........             (no amulet)
Regen    0.0/turn               t - ring of protection from magic
MPRegen  0.1/turn               x - ring of see invisible

@: non-regenerating
A: damage resistance, heal wounds, sense surroundings 1, no regeneration
a: Heal Wounds, Heroism, Renounce Religion


You were on level 6 of the Dungeon.
You worshipped Okawaru.
Okawaru was pleased with you.
You were not hungry.

You visited 1 branch of the dungeon, and saw 6 of its levels.

You collected 261 gold pieces.

Inventory:

Hand Weapons
 a - a +1 long sword (weapon)
Missiles
 w - 2 tomahawks (quivered)
Armour
 b - a +0 scale mail
 c - a +0 shield (worn)
 k - a +0 plate armour
 A - +0 ice dragon scales (worn)
Jewellery
 d - an uncursed ring of positive energy
 t - a ring of protection from magic (left hand)
 x - a ring of see invisible (right hand)
Wands
 g - a wand of iceblast (8/15)
Scrolls
 h - a scroll of enchant weapon
 j - a scroll of immolation
 l - 5 scrolls of teleportation
 n - a scroll of remove curse
 r - 2 scrolls of enchant armour {unknown}
 s - a scroll of noise {unknown}
 u - 2 scrolls of recharging {unknown}
 y - 3 scrolls of magic mapping {unknown}
 B - a scroll of amnesia {unknown}
Potions
 e - a potion of resistance
 i - 2 potions of curing
 o - 2 potions of magic
 p - a potion of mutation {unknown}
 q - 2 potions of invisibility {unknown}
 z - 3 potions of flight {unknown}
Comestibles
 f - 3 bread rations
 m - 3 fruits
 v - 2 meat rations


   Skills:
 + Level 4.3 Fighting
 + Level 7.0 Long Blades
 + Level 0.1 Throwing
 + Level 5.4 Armour
 + Level 0.9 Dodging
 + Level 0.3 Stealth
 + Level 5.9 Shields
 + Level 0.6 Invocations


You had 7 spell levels left.
You didn't know any spells.

Dungeon Overview and Level Annotations

Branches:
Dungeon (6/15)
 Temple: D:4-7

Altars:
Ashenzari
Kikubaaqudgha
Makhleb
Okawaru
Vehumet
Yredelemnul

Shops:
D:5 [


Innate Abilities, Weirdness & Mutations

You are resistant to damage.
You can heal yourself by infusing magical energy.
You passively map a small area around you.
You do not regenerate.


Message History

The troll closely misses you. You block the troll's attack. x2
You closely miss the troll.
The troll is heavily wounded.
You closely miss the troll.
The troll is heavily wounded.
You block the troll's attack. x2; The troll claws you but does no damage.
You hit the troll.
The troll is heavily wounded.
The troll bites you but does no damage. You block the troll's attack.
The troll claws you.
You hit the troll.
The troll is heavily wounded.
You block the troll's attack. The troll claws you but does no damage.
The troll claws you.
* * * LOW HITPOINT WARNING * * *
You slash the troll!
The troll is severely wounded.
You feel like a meek peon again. The troll bites you!
You die...

....... ....####...........
.......,........##....(.......
....... ...................##
,
.......###...........)......#*
........# .....##............#
* ........###...#
#.(.###...#... *
##...........# #..## *#.#.#..
##.#..#.....## #..# ...# # *
#....##....@###..# **,..># *
#........##T.#...###.# .##
#.>#..#..###..........
*#<.##....# #.........# ,
#.#.##...#....#....### ,
,,####..........##..## , , ,
####...#....#....,
#...##.####(.... * , #..###.#
* ....#


You could see a troll.

Vanquished Creatures
  Sigmund (D:4)
  Duvessa (D:4)
  2 ogres (D:5)
  2 phantoms
  A centaur (D:6)
  Dowan (D:4)
  A howler monkey (D:5)
  A bullfrog zombie (D:5)
  A jelly (D:6)
  An orc priest (D:3)
  2 bullfrog skeletons (D:5)
  A centaur skeleton (D:4)
  An iguana (D:5)
  An orc wizard (D:4)
  2 worker ants
  5 adders
  3 worms
  4 dart slugs (D:1)
  5 leopard geckos
  21 orcs
  A ball python (D:3)
  5 giant cockroaches
  7 goblins
  9 hobgoblins
  4 quokkas
  6 bats
  5 frilled lizards
  2 jackal zombies (D:5)
  5 kobolds
  4 rats
105 creatures vanquished.

Notes
Turn   | Place    | Note
-------+----------+-------------------------------------------
     0 | D:1      | Peloso the Deep Dwarf Fighter began the quest for the Orb.
     0 | D:1      | Reached XP level 1. HP: 20/20 MP: 1/1
   231 | D:1      | Reached XP level 2. HP: 27/27 MP: 2/2
   609 | D:1      | Reached XP level 3. HP: 29/33 MP: 3/3
  1247 | D:2      | Reached skill level 3 in Long Blades
  1487 | D:3      | Found a basalt altar of Yredelemnul.
  1549 | D:3      | Reached XP level 4. HP: 42/42 MP: 4/4
  1852 | D:3      | Found an iron altar of Okawaru.
  1862 | D:3      | Became a worshipper of Warmaster Okawaru
  2068 | D:3      | Reached XP level 5. HP: 43/49 MP: 5/5
  2129 | D:3      | Found a burning altar of Makhleb.
  2398 | D:4      | Reached skill level 4 in Long Blades
  2475 | D:4      | Noticed Sigmund
  2494 | D:4      | Killed Sigmund
  2494 | D:4      | Reached * piety under Okawaru
  2494 | D:4      | Reached XP level 6. HP: 35/56 MP: 6/6
  2563 | D:4      | Noticed Duvessa
  2564 | D:4      | Noticed Dowan
  2582 | D:4      | Killed Duvessa
  2582 | D:4      | Reached ** piety under Okawaru
  2582 | D:4      | Reached skill level 5 in Long Blades
  2582 | D:4      | Reached skill level 5 in Shields
  2588 | D:4      | Killed Dowan
  2588 | D:4      | Reached XP level 7. HP: 42/63 MP: 7/7
  2632 | D:4      | Reached skill level 5 in Armour
  2806 | D:4      | Found a faded altar of an unknown god.
  2806 | D:4      | Found a radiant altar of Vehumet.
  2811 | D:4      | Found a faded altar of an unknown god.
  2813 | D:4      | Found an ancient bone altar of Kikubaaqudgha.
  2814 | D:4      | Found a shattered altar of Ashenzari.
  3065 | D:5      | Entered Level 5 of the Dungeon
  3167 | D:5      | Reached skill level 6 in Long Blades
  3447 | D:5      | Reached XP level 8. HP: 42/72 MP: 7/7
  3620 | D:5      | Found Cyuseiti's Armour Boutique.
  3908 | D:6      | Noticed a troll
  3913 | D:6      | HP: 3/72 [troll (6)]
  3914 | D:6      | Reached skill level 7 in Long Blades
  3937 | D:6      | Slain by a troll

Skill      XL: |  1  2  3  4  5  6  7  8 |
---------------+-------------------------+-----
Long Blades    | 3 4 5 6 7 |  7.0
Fighting       | 3 4 |  4.3
Shields        | 4 5 |  5.9
Armour         | 4 5 |  5.4
Throwing       | |  0.1
Dodging        | |  0.9
Stealth        | |  0.3
Invocations    | |  0.6

Action                   |  1- 3 |  4- 6 |  7- 9 || total
-------------------------+-------+-------+-------++-------
Melee: Long sword        |   139 |   212 |   164 ||   515
Throw: Tomahawk          |       |       |     3 ||     3
Invok: Heroism           |       |       |     4 ||     4
 Abil: Heal Wounds       |     1 |       |     3 ||     4
  Use: Potion            |       |     3 |       ||     3
       Scroll            |       |       |     7 ||     7
  Eat: Chunk             |     1 |     5 |     5 ||    11
Armor: Scale mail        |    28 |       |       ||    28
       Plate armour      |    57 |   136 |    52 ||   245
       Ice dragon scales |       |       |    13 ||    13
Dodge: Dodged            |    21 |    31 |    24 ||    76
Block: Shield            |    87 |    97 |    82 ||   266
       Rpst.: Long sword |     5 |    15 |     5 ||    25
